 Dungeon Crawl Stone Soup version 0.23.2-1-ga50397a (webtiles) character file.

Game seed: 5262405541325905862

52 myga the Skirmisher (level 3, -1/31 HPs)
             Began as a Centaur Fighter on May 30, 2019.
             Slain by Natasha (3 damage)
             ... on level 2 of the Dungeon.
             The game lasted 00:04:32 (1611 turns).

myga the Skirmisher (Centaur Fighter)               Turns: 1611, Time: 00:04:33

Health: -1/31      AC:  7    Str: 23    XL:     3   Next: 60%
Magic:  3/3        EV:  5    Int:  9    God:
Gold:   81         SH:  9    Dex:  9    Spells: 2/2 levels left

rFire    . . .     SeeInvis .   a - +0 war axe
rCold    . . .     Gourm    .   c - +0 shield
rNeg     . . .     Faith    .   b - +0 scale mail
rPois    +         Spirit   .   (no helmet)
rElec    .         Reflect  .   m - +0 cloak
rCorr    .         Harm     .   (no gloves)
MR       .....                  (no barding)
Stlth    ..........             (no amulet)
HPRegen  0.10/turn              (no ring)
MPRegen  0.08/turn              (no ring)

@: mighty, very quick
A: large, hooves 3, clever 1, deformed body, speed 2, sense surroundings 1,
poison resistance, tough skin 3
a: no special abilities


You were on level 2 of the Dungeon.
You were not hungry.

You visited 1 branch of the dungeon, and saw 2 of its levels.

You collected 81 gold pieces.

Inventory:

Hand Weapons
 a - a +0 war axe (weapon)
Missiles
 h - 23 stones (quivered)
Armour
 b - a +0 scale mail (worn)
 c - a +0 shield (worn)
 m - a +0 cloak (worn)
Scrolls
 e - a scroll of blinking
 i - 2 scrolls of remove curse {unknown}
 k - a scroll of identify {unknown}
Potions
 j - 2 potions of mutation
 l - 3 potions of curing {unknown}
Comestibles
 f - 3 rations
 g - 2 chunks of flesh


   Skills:
 + Level 3.3 Fighting
 + Level 2.3 Axes
 + Level 0.3 Throwing
 + Level 2.5 Armour
 + Level 0.2 Dodging
 + Level 2.6 Shields


You had 2 spell levels left.
You didn't know any spells.
Your spell library was empty.

Dungeon Overview and Level Annotations

Branches:
Dungeon (2/15)

Altars:

Annotations:
D:2 Natasha


Innate Abilities, Weirdness & Mutations

You have hooves in place of feet.
Armour fits poorly on your strangely shaped body.
You cover ground very quickly.
You have extremely tough skin. (AC +3)
Your mind is acute. (Int +2)
You passively map a small area around you.
Your system is resistant to poisons. (rPois)


Message History

Natasha claws you. Natasha claws you but does no damage.
Natasha casts a spell at you. The magic dart hits you.
You barely miss Natasha. Your kick misses Natasha.
Natasha is lightly wounded.
Natasha stares at you and mumbles some strange words.
The magic dart hits you. Natasha claws you!
* * * LOW HITPOINT WARNING * * *
A hobgoblin comes into view.
Okay, then.
You feel very mighty all of a sudden.
Natasha casts a spell.
You see a puff of smoke.
You block Natasha's attack.
You closely miss Natasha.
Natasha is lightly wounded.
Natasha claws you but does no damage.
Natasha howls an incantation.
Natasha's front paws start to glow.
Natasha claws you.
You die...

#.# #....##.###..#### #.#
###..#...##....). #.#
#...........### #.#
##.#...##.#.# #.# #.##.###.#.#
#.# #........#.#
####.##################.......#
................#........######
###...#########.@..^.....#
......# ###h######, ###...# g#
* #*##.## *g# . ... * .# *
*##.. ,, ,,.. * ## , * * #. * ,
. *


You could see Natasha, a hobgoblin and a goblin.

Vanquished Creatures
  2 adders (D:2)
  An ooze (D:2)
  A worm (D:2)
  A dart slug (D:2)
  3 bats (D:2)
  3 giant cockroaches
  7 hobgoblins
  2 kobolds (D:2)
  A ball python (D:2)
  2 goblins (D:1)
  2 rats (D:2)
25 creatures vanquished.

Notes
Turn   | Place    | Note
-------+----------+-------------------------------------------
     0 | D:1      | myga the Centaur Fighter began the quest for the Orb.
     0 | D:1      | Reached XP level 1. HP: 19/19 MP: 1/1
   687 | D:1      | Reached XP level 2. HP: 22/26 MP: 2/2
   867 | D:1      | Gained mutation: Your system is resistant to poisons.
                  | (rPois) [potion of mutation]
   867 | D:1      | Gained mutation: Your mind is acute. (Int +2) [potion of
                  | mutation]
   867 | D:1      | Gained mutation: You passively map a small area around you.
                  | [potion of mutation]
  1001 | D:2      | Reached XP level 3. HP: 9/31 MP: 3/3
  1603 | D:2      | Noticed Natasha
  1611 | D:2      | Slain by Natasha

Skill      XL: |  1 |
---------------+----+-----
Axes           | 2 |  2.3
Fighting       | |  3.3
Throwing       | |  0.3
Armour         | |  2.5
Dodging        | |  0.2
Shields        | |  2.6

Action                   || total
-------------------------++-------
Melee: War axe           ||    81
       Kick              ||    13
Throw: Stone             ||    54
  Use: Scroll            ||     2
       Potion            ||     2
  Eat: Chunk             ||     1
Armor: Scale mail        ||    36
Dodge: Dodged            ||    19
Block: Shield            ||    32
